 Dungeon Crawl Stone Soup version 0.25.1-2-g60ff931df9 (webtiles) character file.

Game seed: 2907819377492573941

121 nikku the Chiller (level 4, 0/24 HPs)
             Began as a Deep Elf Ice Elementalist on Dec 5, 2020.
             Slain by an orc warrior
             ... wielding a +0 mace
              (17 damage)
             ... on level 3 of the Dungeon.
             The game lasted 00:08:04 (2597 turns).

nikku the Chiller (Deep Elf Ice Elementalist)       Turns: 2597, Time: 00:08:05

Health: 0/24       AC:  2    Str:  6    XL:     4   Next: 76%
Magic:  8/12       EV: 14    Int: 20    God:
Gold:   51         SH:  0    Dex: 15    Spells: 8/12 levels left

rFire    . . .     SeeInvis .   m - +0 war axe
rCold    . . .     Gourm    .   (no shield)
rNeg     . . .     Faith    .   r - +0 robe
rPois    .         Spirit   .   (no helmet)
rElec    .         Reflect  .   (no cloak)
rCorr    .         Harm     .   (no gloves)
MR       .....                  (no boots)
Stlth    ++........             (no amulet)
HPRegen  0.08/turn              (no ring)
MPRegen  0.13/turn              (no ring)

@: frozen ramparts
A: no striking features
a: no special abilities


You were on level 3 of the Dungeon.
You were not hungry.

You visited 1 branch of the dungeon, and saw 3 of its levels.

You collected 51 gold pieces.

Inventory:

Hand Weapons
 m - a +0 war axe (weapon)
Missiles
 l - 18 poisoned darts (quivered)
Armour
 g - a cursed +0 chain mail
 r - a +0 robe (worn)
Scrolls
 d - 2 scrolls of blinking
 j - a scroll of identify
 k - 4 scrolls of remove curse
 o - a scroll of amnesia
Potions
 e - 2 potions of mutation {unknown}
 h - a potion of haste
 i - a potion of heal wounds
 n - a potion of ambrosia
 p - a potion of invisibility {unknown}
 q - a potion of stabbing {unknown}
Comestibles
 a - 2 chunks of flesh
 c - 2 rations


   Skills:
 + Level 4.0 Dodging
 - Level 2.4 Stealth
 + Level 4.6 Spellcasting
 + Level 5.3 Ice Magic


You had 8 spell levels left.
You knew the following spells:

 Your Spells              Type           Power        Failure   Level  Hunger
a - Freeze                Ice            ####         1%          1    None
c - Frozen Ramparts       Ice            ####..       4%          3    ##.....

Your spell library contained the following spells:

 Spells                   Type           Power        Failure   Level  Hunger
 Ozocubu's Armour         Chrm/Ice       ###.....     12%         3    ##.....
 Hailstorm                Conj/Ice       ###.....     38%         4    ####...
 Summon Ice Beast         Ice/Summ       ###.....     38%         4    ####...


Dungeon Overview and Level Annotations

Branches:
Dungeon (3/15)

Altars:
Elyvilon


Message History

Press: ? - help, Shift-Dir - straight line, f - orc wizard
Aim: an orc wizard, wielding a +0 dagger and wearing a +0 robe (moderately wounded)
You freeze the orc wizard.
The orc wizard is heavily wounded.
The wall freezes the orc wizard.
The orc wizard gestures wildly while chanting.
The orc wizard flickers and vanishes!
Deactivating autopickup; reactivate with Ctrl-A.
The orc throws a boomerang.
The boomerang hits you.
The weapon returns to the orc!
The wall freezes the rat.
You kill the rat!
You closely miss something.
The wall freezes something.
Reactivating autopickup.
Your Dodging skill increases to level 4!
You feel a bit more experienced.
The wall freezes the orc warrior. x2
The wall freezes the orc!
The wall freezes the orc warrior.
The orc warrior hits you with a +0 mace!
Ouch! That really hurt!
You die...

#.. #.### ###
#.#.. ..#
#.#.###.#
#.#.#<#.#
#.#.#.#.# #
###.#.#.#o#.#.###
#.......@.o†.....
#.#.#.#####.#.###
#.#.#.........
#>......... ....
#.#.####### .....
##...####### ####
#...........
#.....######
#.....##...#


You could see an orc warrior and an orc.

Vanquished Creatures
  2 orc wizards (D:3)
  An ooze (D:3)
  A dart slug (D:2)
  3 leopard geckos
  3 orcs (D:3)
  10 bats
  3 giant cockroaches
  5 goblins
  5 hobgoblins
  A quokka (D:3)
  4 frilled lizards
  8 kobolds
  6 rats
  A toadstool (D:1)
53 creatures vanquished.

Vanquished Creatures (others)
  3 toadstools (D:1)
3 creatures vanquished.

Grand Total: 56 creatures vanquished

Notes
Turn   | Place    | Note
-------+----------+-------------------------------------------
     0 | D:1      | nikku the Deep Elf Ice Elementalist began the quest for the
                  | Orb.
     0 | D:1      | Reached XP level 1. HP: 10/10 MP: 6/6
   621 | D:1      | Reached XP level 2. HP: 11/15 MP: 6/8
  1658 | D:2      | Reached XP level 3. HP: 19/19 MP: 8/10
  1797 | D:2      | Found a white marble altar of Elyvilon.
  2239 | D:3      | Learned a level 3 spell: Frozen Ramparts
  2370 | D:3      | Reached skill level 5 in Ice Magic
  2535 | D:3      | Reached XP level 4. HP: 24/24 MP: 9/12
  2592 | D:3      | Noticed an orc warrior
  2597 | D:3      | Slain by an orc warrior

Illustrated notes

Levels and vault maps discovered:
D:1:      ldierk_water_garden, layout_basic
D:2:      layout_loops_ring, elyvilon_altar_3
D:3:      layout_basic, hangedman_decor_push, kennysheep_generic_room_6

Skill      XL: |  1  2  3  4 |
---------------+-------------+-----
Dodging        | 3 4 |  4.0
Spellcasting   | 4 |  4.6
Ice Magic      | 5 |  5.3
Stealth        | |  2.4

Action                   |  1- 3 |  4- 6 || total
-------------------------+-------+-------++-------
Melee: Unarmed           |     2 |       ||     2
       Dagger            |     1 |       ||     1
       War axe           |       |     1 ||     1
Throw: Stone             |    42 |       ||    42
       Javelin           |     3 |       ||     3
       Dart              |    43 |       ||    43
 Cast: Freeze            |    59 |     2 ||    61
       Frozen Ramparts   |       |     1 ||     1
  Use: Scroll            |     9 |       ||     9
  Eat: Chunk             |     5 |       ||     5
Armor: Robe              |    11 |       ||    11
Dodge: Dodged            |    40 |       ||    40
